 Dungeon Crawl Stone Soup version 0.25.0-9-g26727b657a (webtiles) character file.

Game seed: 12752026766113371045

46628 Esekla the Thaumaturge (level 14, -1/61 HPs)
             Began as a Spriggan Wanderer on June 16, 2020.
             Was a Follower of Vehumet.
             Hit by a boomerang thrown by an orc warrior (21 damage)
             ... led by an orc knight
             ... on level 2 of the Orcish Mines.
             The game lasted 02:51:59 (24511 turns).

Esekla the Thaumaturge (Spriggan Wanderer)         Turns: 24511, Time: 02:52:00

Health: -1/61      AC:  3    Str:  8    XL:     14   Next: 5%
Magic:  25/33      EV: 27    Int: 25    God:    Vehumet [*.....]
Gold:   1795       SH:  0    Dex: 15    Spells: 13/41 levels left

rFire    . . .     SeeInvis +   e - +3 long sword (elec)
rCold    . . .     Gourm    .   (shield restricted)
rNeg     . . .     Faith    .   G - +1 robe {Archmagi}
rPois    .         Spirit   .   (helmet restricted)
rElec    .         Reflect  .   (no cloak)
rCorr    .         Harm     .   (gloves unavailable)
MR       ++...                  (boots unavailable)
Stlth    +++++.....             S - amulet of regeneration
HPRegen  0.60/turn              z - ring of stealth
MPRegen  0.23/turn              a - +6 ring of intelligence

@: lightly drained, very quick
A: very small, unfitting armour, see invisible, herbivore, speed 3, slow
metabolism 2
a: Renounce Religion


You were on level 2 of the Orcish Mines.
You worshipped Vehumet.
Vehumet was aware of your devotion.
You were not hungry.

You visited 5 branches of the dungeon, and saw 22 of its levels.

You collected 1795 gold pieces.

Inventory:

Hand Weapons
 e - a +3 long sword of electrocution (weapon)
 f - a +2 scimitar of flaming
 h - a +2 long sword of holy wrath
 v - a +2 dagger of venom
Missiles
 d - 4 poisoned darts (quivered)
 n - 24 boomerangs
 M - 2 javelins
 O - 5 silver boomerangs
Armour
 G - a +1 robe of the Archmagi (worn)
Jewellery
 a - a +6 ring of intelligence (right hand)
 l - an uncursed ring of ice
 y - a +6 ring of dexterity
 z - a ring of stealth (left hand)
 P - an uncursed ring of fire
 R - an uncursed ring of wizardry
 S - an amulet of regeneration (around neck)
 T - an uncursed ring of wizardry
 V - a +6 ring of intelligence
Wands
 w - a wand of disintegration (11)
 A - a wand of flame (50)
 F - a wand of clouds (12)
 H - a wand of iceblast (2)
 I - a wand of paralysis (16)
 J - a wand of digging (2)
 Q - a wand of acid (16)
 X - a wand of polymorph (10)
 Y - a wand of random effects (19)
Scrolls
 i - a scroll of immolation
 j - 2 scrolls of magic mapping
 m - 4 scrolls of teleportation
 s - a scroll of fog
 x - 2 scrolls of amnesia
 D - 2 scrolls of fear
 E - 11 scrolls of remove curse
 N - 4 scrolls of identify
 U - a scroll of blinking
Potions
 b - 2 potions of resistance
 c - 3 potions of ambrosia
 g - a potion of magic
 k - 5 potions of curing
 o - 2 potions of haste
 p - 4 potions of might
 q - 3 potions of invisibility
 t - 5 potions of flight
 u - a potion of mutation
 B - 4 potions of heal wounds
 C - 3 potions of lignification
 K - 4 potions of brilliance {unknown}
 L - 3 potions of stabbing {unknown}
Miscellaneous
 W - a lightning rod (4/4)
Comestibles
 r - 35 rations


   Skills:
 - Level 1.0(0.9) Fighting
 + Level 4.3(7.4) Short Blades
 + Level 7.2(7.5) Long Blades
 + Level 1.0(0.9) Throwing
 + Level 12.1 Dodging
 - Level 10.2(10.1) Stealth
 * Level 14.1(14.0) Spellcasting
 + Level 3.7 Conjurations
 * Level 7.7 Hexes
   Level 1.0(0.9) Summonings
 + Level 2.6 Translocations
 + Level 6.9(6.8) Transmutations
 + Level 4.2(4.1) Fire Magic
 + Level 6.6 Air Magic
 + Level 9.1 Poison Magic
   Level 2.4 Invocations
 + Level 1.3 Evocations


You had 13 spell levels left.
You knew the following spells:

 Your Spells              Type           Power        Failure   Level  Hunger
a - Apportation           Tloc           #####.       1%          1    None
b - Blink                 Tloc           N/A          1%          2    None
c - Mephitic Cloud        Conj/Pois/Air  ######..     1%          3    None
d - Magic Dart            Conj           ####         1%          1    None
e - Tukima's Dance        Hex            ######..     1%          3    None
f - Conjure Flame         Conj/Fire      ######..     1%          3    None
g - Ignite Poison         Fire/Tmut/Pois ######..     1%          3    None
h - Invisibility          Hex            ######..     22%         6    ####...
v - Poisonous Vapours     Pois/Air       ######       1%          2    None
x - Olgreb's Toxic Radia  Pois           #######.     1%          4    None

Your spell library contained the following spells:

 Spells                   Type           Power        Failure   Level  Hunger
 Foxfire                  Conj/Fire      ####         1%          1    None
 Corona                   Hex            ######.      1%          1    None
 Sting                    Tmut/Pois      ####         1%          1    None
 Corpse Rot               Necr/Air       N/A          1%          2    None
 Slow                     Hex            ######..     1%          2    None
 Confusing Touch          Hex            ######..     1%          3    None
 Summon Butterflies       Summ           ####....     2%          1    None
 Summon Small Mammal      Summ           ####         2%          1    None
 Animate Skeleton         Necr           N/A          3%          1    None
 Infusion                 Chrm           ####         3%          1    None
 Call Imp                 Summ           ####....     3%          2    None
 Gell's Gravitas          Tloc           #####.....   3%          3    None
 Lesser Beckoning         Tloc           #####.....   3%          3    None
 Teleport Other           Tloc           #####...     3%          3    None
 Alistair's Intoxication  Tmut/Pois      ######..     3%          5    ##.....
 Stone Arrow              Conj/Erth      #####.       4%          3    None
 Yara's Violent Unravell  Hex/Tmut       ######....   4%          5    ##.....
 Petrify                  Tmut/Erth      ######..     8%          4    None
 Metabolic Englaciation   Hex/Ice        ######....   19%         5    ##.....
 Eringya's Noxious Bog    Tmut/Pois      ######....   19%         6    ####...
 Hydra Form               Tmut           ######....   30%         6    ####...
 Summon Forest            Summ/Tloc      #####.....   41%         5    ##.....
 Summon Hydra             Summ           ####......   100%        7    ######.


Dungeon Overview and Level Annotations

Branches:
Dungeon (12/15)            Temple (1/1) D:7            Lair (6/6) D:11
 Shoals (1/4) Lair:3        Snake (0/4) Lair:4        Slime (0/5) Lair:6
    Orc (2/2) D:11            Elf (0/3) Orc:2

Altars:
Ashenzari
Cheibriados
Dithmenos
Elyvilon
Fedhas
Gozag
Hepliaklqana
Kikubaaqudgha
Makhleb
Nemelex Xobeh
Okawaru
Qazlal
Ru
Sif Muna
Trog
Uskayaw
Vehumet
Wu Jian
Xom
Yredelemnul
Zin
The Shining One

Annotations:
D:7 1 runed translucent door
Lair:1 1 runed translucent door, Rayvis's ghost, novice DsGl
Lair:2 1 runed translucent door


Innate Abilities, Weirdness & Mutations

You are very small and have problems with some larger weapons.
You are too small for most types of armour.
You have supernaturally acute eyesight. (SInv)
You are a herbivore.
You cover ground extremely quickly.
You need to consume almost no food.


Message History

Confirm with . or Enter, or press ? or * to list all spells.
Aiming: Poisonous Vapours (safe; 1% risk of failure)
Press: ? - help, Dir - move target cursor, f - orc knight
Aim: an orc knight, wielding a +0 great sword, wearing a +0 chain mail and quivering 17 bolts (almost dead, poisoned)
You feel a surge of power!
Poisonous vapours surround the orc knight!
The orc warrior throws a boomerang.
The boomerang hits you!
The weapon returns to the orc warrior!
Casting: Poisonous Vapours (safe; 1% risk of failure)
Confirm with . or Enter, or press ? or * to list all spells.
Aiming: Poisonous Vapours (safe; 1% risk of failure)
Press: ? - help, Dir - move target cursor, f/p - orc knight
Aim: an orc knight, wielding a +0 great sword, wearing a +0 chain mail and quivering 17 bolts (almost dead, poisoned)
You feel a surge of power!
Poisonous vapours surround the orc knight!
The orc knight is engulfed in poison gas.
The orc knight looks even sicker.
The orc knight hits you with a +0 great sword!
The orc warrior throws a boomerang.
The boomerang hits you!!
You die...

....... ..................o
.......................o..#.
............................
............................
...................)†...... .#
.................)...h...##..#
..........................#...
................o)............
.............)..@##..........#
.........).(...........#......
........#.....).........#...
.........#...)....##.#.##
..........##.......##...#
..........#..(....####.##
...).............## ###
......).........##
..##)#.)....##.##


You could see an orc knight (very poisoned), a warg and an orc warrior.

Vanquished Creatures
  An ice dragon (Lair:6)
  Erica (D:8)
  6 death yaks (Lair:6)
  3 unseen horrors
  A cyclops (D:9)
  2 orc sorcerers
  A manticore (D:11)
  3 elephants (Lair:6)
  Psyche (D:11)
  A gargoyle (D:11)
  3 black mambas
  7 spiny frogs
  Maggie (D:6)
  A rime drake (Lair:2)
  5 komodo dragons
  A queen bee (Lair:6)
  2 trolls
  3 meliai (Lair:6)
  4 polar bears (Lair:6)
  4 hornets
  A snapping turtle (Lair:3)
  21 blink frogs
  4 hippogriffs
  4 dream sheep (Lair:6)
  A shadow (D:12)
  13 spriggans
  45 yaks
  2 wyverns
  A basilisk (Lair:2)
  A steam dragon (D:9)
  A hungry ghost (D:10)
  3 wargs
  18 water moccasins
  12 porcupines
  10 orc warriors
  A sky beast (D:2)
  An ice beast (D:7)
  8 black bears
  2 phantoms
  4 ogres
  A necrophage (D:11)
  23 wolves
  3 boggarts (Lair:6)
  7 centaurs
  10 crocodiles
  4 big kobolds
  18 bullfrogs
  4 scorpions
  32 killer bees
  5 wights (D:10)
  7 electric eels
  5 howler monkeys
  A bullfrog zombie (D:9)
  3 quasits
  4 jellies
  15 orc priests
  A bullfrog skeleton (D:11)
  A gnoll shaman (D:6)
  3 hounds
  A centaur skeleton (D:11)
  21 orc wizards
  Natasha (D:4)
  2 iguanas
  15 worker ants
  2 hound skeletons
  A worker ant zombie (D:10)
  12 adders
  13 gnolls
  4 shadow imps
  3 white imps (Lair:6)
  2 oozes
  An adder skeleton (D:5)
  An adder zombie (D:7)
  4 worms
  A dart slug (D:2)
  3 leopard geckos
  60 orcs
  2 ball pythons
  10 giant cockroaches
  6 goblins
  5 hobgoblins
  8 jackals
  5 quokkas
  9 bats
  2 frilled lizards
  A giant cockroach zombie (D:6)
  A jackal zombie (D:5)
  28 kobolds
  A leopard gecko skeleton (D:2)
  10 rats
  A butterfly (D:7)
  5 plants (Lair:6)
592 creatures vanquished.

Vanquished Creatures (collateral kills)
  2 killer bees (Lair:6)
2 creatures vanquished.

Vanquished Creatures (others)
  A big kobold (D:12)
  6 fungi
  10 plants
  4 toadstools (Lair:2)
21 creatures vanquished.

Grand Total: 615 creatures vanquished

Notes
Turn   | Place    | Note
-------+----------+-------------------------------------------
     0 | D:1      | Esekla the Spriggan Wanderer began the quest for the Orb.
     0 | D:1      | Esekla set off with the following items: a +0 falchion, a
                  | +0 robe, a +0 dagger, a ration; and the following spells
                  | available to memorise: Apportation, Blink, Magic Dart, Call
                  | Imp, Slow, Teleport Other, Conjure Flame, Mephitic Cloud
     0 | D:1      | Reached XP level 1. HP: 10/10 MP: 3/3
     2 | D:1      | Learned a level 1 spell: Apportation
     4 | D:1      | Learned a level 1 spell: Magic Dart
    10 | D:1      | Noticed a polar bear
    10 | D:1      | Noticed a komodo dragon
    10 | D:1      | Noticed a hound
    10 | D:1      | Noticed a swamp worm
   129 | D:1      | You fall into a shaft and drop 1 floor!
   141 | D:2      | Noticed a sky beast
   142 | D:2      | Found a faded altar of an unknown god.
   183 | D:2      | Became a worshipper of Elyvilon the Healer
   183 | D:2      | Reached * piety under Elyvilon
   393 | D:1      | Reached XP level 2. HP: 14/14 MP: 3/5
  1176 | D:1      | Reached XP level 3. HP: 15/18 MP: 1/6
  1180 | D:1      | Learned a level 2 spell: Blink
  1574 | D:2      | Reached ** piety under Elyvilon
  1585 | D:2      | Found a sparkling altar of Nemelex Xobeh.
  1994 | D:2      | Found a hide-covered altar of Uskayaw.
  1997 | D:2      | Noticed a +0 hand axe
  1998 | D:2      | Noticed a +0 hand axe
  2081 | D:1      | Reached skill level 1 in Invocations
  2267 | D:2      | Killed a sky beast
  2267 | D:2      | Reached skill level 2 in Spellcasting
  2267 | D:2      | Reached XP level 4. HP: 21/22 MP: 6/8
  2267 | D:2      | Reached XP level 5. HP: 24/25 MP: 6/9
  2541 | D:3      | Found a shadowy altar of Dithmenos.
  3024 | D:3      | Found a radiant altar of Vehumet.
  3038 | D:3      | Reached *** piety under Elyvilon
  3194 | D:4      | Noticed Natasha
  3335 | D:4      | Reached skill level 5 in Stealth
  3512 | D:4      | Learned a level 3 spell: Mephitic Cloud
  3644 | D:4      | Found a stormy altar of Qazlal.
  3690 | D:4      | Reached XP level 6. HP: 25/30 MP: 10/10
  3919 | D:4      | Found a snail-covered altar of Cheibriados.
  4249 | D:5      | Entered Level 5 of the Dungeon
  4295 | D:5      | Reached skill level 5 in Dodging
  4890 | D:5      | Reached **** piety under Elyvilon
  5065 | D:6      | Noticed Maggie
  5068 | D:6      | Reached skill level 1 in Poison Magic
  5077 | D:6      | Reached skill level 3 in Spellcasting
  5380 | D:5      | Reached skill level 1 in Conjurations
  5380 | D:5      | Reached XP level 7. HP: 27/33 MP: 8/12
  5832 | D:6      | Reached skill level 1 in Short Blades
  5832 | D:6      | Reached skill level 1 in Air Magic
  6023 | D:6      | Found a burning altar of Makhleb.
  6450 | D:6      | Learned a level 2 spell: Poisonous Vapours
  6696 | D:6      | Killed Maggie
  6696 | D:6      | Reached XP level 8. HP: 37/37 MP: 11/14
  6719 | D:6      | Reached skill level 4 in Spellcasting
  6806 | D:6      | Found a white marble altar of Elyvilon.
  7253 | D:7      | Found a staircase to the Ecumenical Temple.
  7279 | Temple   | Entered the Ecumenical Temple
  7709 | D:7      | Identified the amulet of Daisies {Spirit *Drain Str+4
                  | Dex+4}
  8139 | D:7      | Reached skill level 5 in Spellcasting
  8407 | D:7      | Reached XP level 9. HP: 23/41 MP: 3/17
  8920 | D:7      | Found a runed translucent door.
  8921 | D:7      | Found a runed translucent door.
  9161 | D:7      | Reached skill level 6 in Spellcasting
  9601 | D:8      | Found a white marble altar of Elyvilon.
  9616 | D:8      | Noticed Erica
  9630 | D:8      | Killed Erica
  9630 | D:8      | Reached skill level 7 in Spellcasting
  9867 | D:8      | Found a shimmering blue altar of Sif Muna.
  9882 | D:8      | Identified Sif Muna's Almanac of Good Luck
  9885 | D:9      | Found an opulent altar of Gozag.
  9885 | D:9      | Noticed a cyclops
  9929 | D:10     | Entered Level 10 of the Dungeon
 10082 | D:8      | Reached ***** piety under Elyvilon
 10792 | D:9      | Reached skill level 5 in Long Blades
 10792 | D:9      | Reached XP level 10. HP: 37/45 MP: 12/22
 11446 | D:9      | Learned a level 3 spell: Ignite Poison
 11451 | D:9      | Learned a level 4 spell: Olgreb's Toxic Radiance
 11600 | D:9      | Killed a cyclops
 11600 | D:9      | Reached skill level 8 in Spellcasting
 11843 | D:10     | Reached skill level 5 in Poison Magic
 12215 | D:11     | Noticed a manticore
 12225 | D:11     | Noticed a gargoyle
 12227 | D:11     | Killed a manticore
 12250 | D:11     | Killed a gargoyle
 12250 | D:11     | Reached skill level 1 in Transmutations
 12250 | D:11     | Reached skill level 1 in Fire Magic
 12255 | D:11     | Learned a level 3 spell: Conjure Flame
 12386 | D:11     | Noticed Psyche
 12398 | D:11     | Killed Psyche
 12474 | D:10     | Noticed an unseen horror
 12483 | D:10     | Killed an unseen horror
 12483 | D:10     | Reached skill level 10 in Dodging
 12495 | D:10     | Paralysed by a hornet for 1 turns
 12741 | D:10     | Found a basalt altar of Yredelemnul.
 12922 | D:10     | Reached XP level 11. HP: 46/48 MP: 21/24
 13234 | D:10     | Reached ****** piety under Elyvilon
 13310 | D:10     | Reached skill level 5 in Air Magic
 13827 | D:11     | Reached skill level 9 in Spellcasting
 13837 | D:11     | Found a staircase to the Orcish Mines.
 13839 | D:11     | Noticed an unseen horror
 13865 | D:11     | Killed an unseen horror
 13993 | D:11     | Found a staircase to the Lair.
 14378 | Lair:1   | Entered Level 1 of the Lair of Beasts
 14710 | Lair:1   | Reached skill level 10 in Stealth
 14740 | Lair:1   | Found a runed translucent door.
 14741 | Lair:1   | Found a shimmering altar of Xom.
 14741 | Lair:1   | Noticed Rayvis's ghost (novice DsGl)
 14742 | Lair:1   | Noticed a +2 quarterstaff of chaos
 15016 | Lair:1   | Reached skill level 10 in Spellcasting
 15845 | Lair:2   | Reached XP level 12. HP: 39/52 MP: 20/27
 16237 | Lair:2   | Noticed a catoblepas
 16238 | Lair:2   | Found the +5 scythe "Finisher" {speed, eviscerate}
 16486 | Lair:2   | Found a runed translucent door.
 16678 | Lair:3   | Learned a level 3 spell: Tukima's Dance
 16685 | Lair:3   | Learned a level 6 spell: Invisibility
 16807 | Lair:3   | Reached skill level 1 in Hexes
 16973 | Lair:3   | Found a staircase to the Shoals.
 16987 | Lair:3   | Reached skill level 5 in Transmutations
 17192 | Lair:3   | Reached skill level 11 in Spellcasting
 17826 | Shoals:1 | Entered Level 1 of the Shoals
 18349 | Lair:4   | Found a staircase to the Snake Pit.
 19013 | Lair:5   | Reached skill level 12 in Spellcasting
 19014 | Lair:5   | Reached skill level 5 in Hexes
 19359 | Lair:5   | Reached XP level 13. HP: 56/56 MP: 22/30
 19529 | Lair:5   | You fall into a shaft and drop 1 floor!
 19529 | Lair:6   | Entered Level 6 of the Lair of Beasts
 19537 | Lair:6   | Found a staircase to the Slime Pits.
 20962 | Lair:6   | Reached skill level 13 in Spellcasting
 20967 | Lair:6   | Reached skill level 1 in Throwing
 23110 | D:4      | Killed Natasha
 23224 | D:3      | Fell from the grace of Elyvilon
 23224 | D:3      | Became a worshipper of Vehumet
 23435 | Orc:1    | Entered Level 1 of the Orcish Mines
 23626 | Orc:2    | Entered Level 2 of the Orcish Mines
 23632 | Orc:2    | Found a staircase to the Elven Halls.
 23952 | Orc:2    | Reached XP level 14. HP: 22/61 MP: 20/32
 23974 | Orc:2    | Reached skill level 14 in Spellcasting
 24241 | Orc:2    | Reached * piety under Vehumet
 24241 | Orc:2    | Offered knowledge of Foxfire by Vehumet.
 24511 | Orc:2    | Hit by a boomerang thrown by an orc warrior

Illustrated notes

Levels and vault maps discovered:
D:1:      onia_arrival_zoo_common, layout_loops_ring
D:2:      layout_rooms, dancing_weapons_uskayaw, nemelex_altar_shiori,
          chequers_ecumenical_altar_simple_redux
D:3:      layout_loops_cross, nicolae_overflow_crystal_walls,
          fiery_altar_vehumet, first_ration
D:4:      layout_basic, grunt_qazlal_clouds, cheibriados_altar_1,
          minmay_a_box_with_orc_wizards_in_it, uniq_natasha
D:5:      layout_gridville
D:6:      minmay_chambers_of_fours, layout_basic, makhleb_heckhound_becter,
          marbit_many_paths, chequers_serial_rivers_large_a, uniq_maggie
D:7:      lemuel_insect_pit, layout_cave_pools, minmay_temple_entry_stoned_glass
D:8:      layout_loops_corners, led_sif_book, the_bakery, elyvilon_altar_1,
          uniq_erica
D:9:      layout_cave_pods, nicolae_gozag_seed_capital
D:10:     erik_rubicon_a, layout_irregular_city, basic_altar
D:11:     layout_roguey, erik_lair_orcish_takeover, uniq_psyche
D:12:     layout_irregular_city, enter_trove_6, serial_shops,
          kennysheep_mini_moat, minmay_fountain_box, grunt_ministairs_4
Temple:   minmay_temple_forest_path
Lair:1:   layout_small_grid, ebering_ghost_xom
Lair:2:   gammafunk_lair_enchanted_lake, layout_regular_city,
          beast_lair_carwin_1
Lair:3:   wander_river, layout_cave_pods, minmay_shoals_entry_hut
Lair:4:   layout_regular_city, minmay_snake_entry_six_corridors
Lair:5:   layout_long_grid, grunt_megastairs_3
Lair:6:   minmay_lair_end_enchanted_forest, layout_gridlike, slime_dummy,
          special_room [special_room_bee], bobbens_ice_dragon_lair,
          lemuel_fruit_tree
Shoals:1: layout_shoals, gammafunk_ghost_arena
Orc:1:    layout_caves
Orc:2:    st_orc_elflike, layout_diamond_mine

Skill      XL: |  1  2  3  4  5  6  7  8  9 10 11 12 13 14 |
---------------+-------------------------------------------+-----
Long Blades    | 2 3 4 5 6 7 |  7.2
Dodging        | 2 3 4 5 7 9 10 11 12 | 12.1
Stealth        | 4 5 7 8 9 10 | 10.2
Invocations    | 1 2 |  2.4
Spellcasting   | 2 3 5 7 8 10 12 13 14 | 14.1
Translocations | 2 |  2.6
Poison Magic   | 1 2 3 4 6 8 9 |  9.1
Conjurations   | 1 3 |  3.7
Short Blades   | 2 3 4 |  4.3
Air Magic      | 2 4 5 6 |  6.6
Transmutations | 2 4 5 6 |  6.9
Fire Magic     | 1 3 4 |  4.2
Hexes          | 5 7 |  7.7
Throwing       | 1 |  1.0
Fighting       | |  1.0
Summonings     | |  1.0
Evocations     | |  1.3

Action                   |  1- 3 |  4- 6 |  7- 9 | 10-12 | 13-15 || total
-------------------------+-------+-------+-------+-------+-------++-------
Melee: Falchion          |    91 |    49 |       |       |       ||   140
       Dagger            |    25 |   104 |   177 |   154 |    88 ||   548
       Long sword        |       |       |    95 |   311 |   134 ||   540
       Scimitar          |       |       |       |     1 |    48 ||    49
Throw: Boomerang         |     1 |     5 |     5 |    26 |     3 ||    40
       Dart              |       |       |       |       |     5 ||     5
 Cast: Magic Dart        |    19 |       |     6 |       |       ||    25
       Apportation       |     3 |     2 |     4 |     5 |     1 ||    15
       Poisonous Vapours |       |       |    35 |   110 |   100 ||   245
       Mephitic Cloud    |       |       |    11 |    28 |    21 ||    60
       Blink             |       |       |     3 |     3 |     5 ||    11
       Ignite Poison     |       |       |       |    46 |    45 ||    91
       Conjure Flame     |       |       |       |     4 |     1 ||     5
       Olgreb's Toxic Ra |       |       |       |     1 |     5 ||     6
Invok: Lesser Healing    |     8 |    10 |    15 |     6 |     3 ||    42
       Purification      |       |       |     1 |       |     1 ||     2
       Greater Healing   |       |       |       |       |     2 ||     2
  Use: Scroll            |     5 |     4 |     9 |     6 |     6 ||    30
       Potion            |       |       |     1 |     2 |     5 ||     8
 Stab: Sleeping          |     3 |     7 |    14 |    30 |     1 ||    55
       Distracted        |     1 |       |       |     1 |     4 ||     6
       Confused          |       |       |     7 |     9 |     6 ||    22
  Eat: Ration            |       |     3 |     5 |     5 |     4 ||    17
Armor: Robe              |    15 |     9 |    11 |    16 |    17 ||    68
Dodge: Dodged            |   142 |   120 |   244 |   548 |   430 ||  1484
       Rpst.: Falchion   |    40 |    15 |       |       |       ||    55
       Long sword        |       |       |    25 |   135 |    63 ||   223
       Scimitar          |       |       |       |       |    16 ||    16
